AoeStats
← wqq1997

Arena

509893783Analyzed
4v4 RM · 3d ago on Sep 28, 2026· 24m 21s· 8 players
Game mode
Random Map
Map size
Large (8 player)
Population
200
Speed
Normal
Resources
Standard
Victory
Conquest
Starting age
Dark Age
Ending age
Imperial Age
RankedLock teamsTeams togetherTeam positionsShared explorationLock speedFull tech treeHidden civsTurbo modeCheats
Victory
Defeat
🇪🇸 Turks · Spain
1195
+12
🇧🇷 Franks · Brazil
1068
+18
🇹🇼 Celts · Taiwan
1067
+18
🇨🇳 Spanish · China
1064
+18
🇨🇳 Dravidians · China
1170
-19
🇦🇷 Persians · Argentina
1126
-17
🇨🇳 Turks · China
1112
-17
🇨🇳 Koreans · China
1020
-13
Duck Rattlehead
10:52 Feudal Age
12:06 Loom
14:42 Castle Age
13:01 Double-Bit Axe
13:05 Horse Collar
14:54 Double-Bit Axe
21:23 Wheelbarrow
20:39 Town Watch
523988158
0:35 Loom
11:54 Feudal Age
16:32 Castle Age
15:45 Double-Bit Axe
15:41 Horse Collar
18:21 Wheelbarrow
伊御
10:23 Feudal Age
14:14 Castle Age
13:15 Horse Collar
13:25 Double-Bit Axe
13:32 Horse Collar
15:25 Bow Saw
21:36 Wheelbarrow
24:10 Heavy Plow
wqq1997
10:41 Feudal Age
11:16 Double-Bit Axe
12:21 Loom
15:44 Castle Age
14:47 Double-Bit Axe
15:00 Horse Collar
20:09 Bow Saw
24:09 Wheelbarrow
24:28 Heavy Plow
jerry80tim
11:00 Feudal Age
11:29 Loom
15:37 Castle Age
15:46 Double-Bit Axe
15:47 Horse Collar
16:59 Bow Saw
18:10 Wheelbarrow
24:38 Gold Mining
Zikane
11:49 Feudal Age
13:54 Double-Bit Axe
14:00 Horse Collar
16:25 Castle Age
18:08 Bow Saw
17:59 Heavy Plow
20:22 Wheelbarrow
种田低手
10:31 Feudal Age
14:30 Castle Age
12:19 Double-Bit Axe
12:43 Horse Collar
17:09 Padded Archer Armor
19:09 Leather Archer Armor
21:39 Bloodlines
种田美眉
10:31 Feudal Age
14:23 Castle Age
12:24 Double-Bit Axe
15:27 Bow Saw
27:11 Imperial Age
Connection lost

Rejoining the realm…

Still unreachable

The connection could not be restored.

Session expired

The server has moved on; the page needs a fresh start.